 Dungeon Crawl Stone Soup version 0.18.1-48-g4cf74bf (webtiles) character file.

93 Krapule the Skirmisher (level 4, -1/29 HPs)
             Began as a Gargoyle Fighter on July 19, 2016.
             Slain by Krapule's ghost (8 damage)
             ... on level 3 of the Dungeon.
             The game lasted 00:08:50 (1823 turns).

Krapule the Skirmisher (Gargoyle Fighter)           Turns: 1823, Time: 00:08:50

Health: -1/29      AC: 12    Str: 19    XL:     4   Next: 62%
Magic:  4/4        EV:  7    Int: 10    God:
Gold:   95         SH:  9    Dex:  9    Spells: 0 memorised, 3 levels left

rFire  . . .     SeeInvis .     a - +0 flail
rCold  . . .     Gourm    .     b - +0 scale mail
rNeg   + . .     Faith    .     c - +0 shield
rPois  ∞         Spirit   .     (no helmet)
rElec  +         Dismiss  .     m - +1 cloak {+Inv}
rCorr  .         Reflect  .     (no gloves)
SustAt .         Harm     .     (no boots)
MR     .....                    (no amulet)
Stlth  ..........               (no ring)
                                (no ring)

@: not resistant to hostile enchantments, extremely unstealthy
A: negative energy resistance 1, electricity resistance, unbreathing,
petrification resistance, rot immunity, AC +3
a: Evoke Invisibility


You were on level 3 of the Dungeon.
You were not hungry.

You visited 1 branch of the dungeon, and saw 4 of its levels.

You collected 95 gold pieces.

Inventory:

Hand Weapons
 a - a +0 flail (weapon)
Armour
 b - a +0 scale mail (worn)
 c - a +0 shield (worn)
 m - a +1 cloak of invisibility (worn)
Jewellery
 h - an uncursed ring of protection from cold {unknown}
Scrolls
 g - 2 scrolls of remove curse {unknown}
 i - 2 scrolls of amnesia {unknown}
 k - 3 scrolls of identify {unknown}
 l - 2 scrolls of teleportation {unknown}
 q - a scroll of enchant armour {unknown}
Potions
 d - a potion of might
 e - a potion of berserk rage {unknown}
 j - 2 potions of ambrosia {unknown}
 n - 2 potions of flight {unknown}
Comestibles
 f - a bread ration
 p - a meat ration


   Skills:
 + Level 4.1 Fighting
 + Level 2.9 Maces & Flails
 + Level 4.0 Armour
 + Level 3.9 Shields


You had 3 spell levels left.
You didn't know any spells.

Dungeon Overview and Level Annotations

Branches:
Dungeon (4/15)
 Temple: D:4-7

Altars:
Makhleb

Annotations:
D:3 Krapule's ghost, amateur HaFi


Innate Abilities, Weirdness & Mutations

You are resistant to torment.
Your stone body is resilient (AC +3).
You are immune to poison.
You resist negative energy.
You are resistant to electric shocks.
You can survive without breathing.
You are immune to petrification.
You are immune to rotting.


Message History

Krapule's ghost hits you but does no damage.
The kobold wields a blowgun.
The kobold shoots a poisoned needle.
The poisoned needle barely misses you.
You climb downwards.
An adder, 2 orcs and an orc wizard come into view.
The orc wizard shouts!
The orc shouts! x2
All of the chunks of flesh in your inventory have rotted away.
Found 19 gold pieces.
There is a stone staircase leading up here.
The orc moves out of view.
You climb upwards.
You hear the sound of rushing water.
There is an entrance to a sewer on this level.
Hurry and find it before the portal rusts away!
Level annotation: Krapule's ghost, amateur HaFi You block Krapule's ghost's attack.
The quokka bites you.
There is a stone staircase leading down here.
Krapule's ghost hits you.
* * * LOW HITPOINT WARNING * * *
Krapule's ghost hits you!
You die...

# #...##...##.(....†..
#.#...#..# ..#.......#
###.#.....###♣.♣........
#......##..#...###..>...
###.###..###...♣.♣....###.
.. #...............# #.
#.###..####.#♣.♣##### #.
#......####.#..# #.
###.().@.....♣.♣ #♣
###rW######### #..# #..#
#..# ♣ ...K . #.#... ♣
#..... ## ♣..♣


You could see Krapule's ghost and a quokka.

Vanquished Creatures
  Terence (D:3)
  2 adders (D:2)
  2 giant geckos
  5 giant cockroaches
  7 goblins
  4 hobgoblins
  3 jackals (D:2)
  4 bats
  4 giant newts
  6 kobolds
  7 rats
45 creatures vanquished.

Notes
Turn   | Place    | Note
--------------------------------------------------------------
     0 | D:1      | Krapule the Gargoyle Fighter began the quest for the Orb.
     0 | D:1      | Reached XP level 1. HP: 14/14 MP: 1/1
   250 | D:1      | Reached XP level 2. HP: 18/19 MP: 2/2
   925 | D:2      | Reached XP level 3. HP: 24/24 MP: 3/3
  1227 | D:2      | Found a burning altar of Makhleb.
  1283 | D:2      | Reached XP level 4. HP: 26/29 MP: 4/4
  1567 | D:3      | Noticed Terence
  1595 | D:3      | Killed Terence
  1802 | D:3      | Noticed Krapule's ghost (amateur HaFi)
  1823 | D:3      | Slain by Krapule's ghost

Skill      XL: |  1  2  3  4 |
---------------+-------------+-----
Fighting       | 4 |  4.1
Armour         | 4 |  4.0
Maces & Flails | |  2.9
Shields        | |  3.9

Action                   |  1- 3 |  4- 6 || total
-------------------------+-------+-------++-------
Melee: Flail             |   165 |    55 ||   220
  Eat: Chunk             |     2 |     1 ||     3
Armor: Scale mail        |    89 |    20 ||   109
Dodge: Dodged            |    52 |    23 ||    75
Block: Shield            |    82 |    26 ||   108
